PCL
MEXICO CITY CERVECEROS @ GRESHAM GOLD SOULS
05/13/2028
 
TOP OF THE 1ST
Mexico City Cerveceros batting - Pitching for Gresham Gold Souls : LHP Francisco Nieto
Pitching: LHP Francisco Nieto
Batting: RHB Luis Peña 0-0: Ball
1-0: Swinging Strike
1-1: SINGLE (Groundball, 6MD)
Batting: RHB Murai Ishihara 0-0: Ball
1-0: Ball
2-0: Called Strike
2-1: Foul Ball, location: 2F
2-2: Foul Ball, location: 2F
2-2: DOUBLE (Line Drive, 7D)
Luis Peña to third
Batting: RHB Dennis Stephenson 0-0: Called Strike
0-1: Ball
1-1: Swinging Strike
1-2: Strikes out looking
Batting: RHB Dave Morgan 0-0: Swinging Strike
0-1: Ball
1-1: Swinging Strike
1-2: Ball
2-2: Strikes out swinging
Batting: RHB Robinson Pacheco 0-0: Ball
1-0: Ball
2-0: Ball
3-0: Called Strike
3-1: Base on Balls
Batting: LHB David Monahan 0-0: Ball
1-0: Ball
2-0: Fly out, F6 (Popup, 56D)
Top of the 1st over - 0 run(s), 2 hit(s), 0 error(s), 3 left on base; Mexico City 0 - Gresham 0
BOTTOM OF THE 1ST
Gresham Gold Souls batting - Pitching for Mexico City Cerveceros : RHP Josh Schmitt
Pitching: RHP Josh Schmitt
Batting: LHB Bill Smith 0-0: Foul Ball, location: 2F
0-1: Ball
1-1: SINGLE (Groundball, 4D)
Batting: RHB Pablo Castillo 0-0: Foul Ball, location: 2F
0-1: Ball
1-1: Ball
2-1: Ball
3-1: Foul Ball, location: 2F
3-2: SINGLE (Line Drive, 7LS)
Bill Smith to second
Bill Smith to third
Batting: RHB Peter Hensley 0-0: Called Strike
0-1: Ball
1-1: Foul Ball, location: 2F
1-2: Foul Ball, location: 2F
1-2: Ball
2-2: Ball
3-2: Strikes out looking
Batting: RHB Mario Méndez 0-0: Called Strike
0-1: Foul Ball, location: 2F
0-2: Strikes out swinging
Batting: RHB Gabriel Miranda 0-0: Called Strike
0-1: Fly out, F4 (Popup, 3D)
Bottom of the 1st over - 0 run(s), 2 hit(s), 0 error(s), 2 left on base; Mexico City 0 - Gresham 0
TOP OF THE 2ND
Mexico City Cerveceros batting - Pitching for Gresham Gold Souls : LHP Francisco Nieto
Batting: LHB Gary Kern 0-0: Fly out, F3 (Line Drive, 3)
Batting: SHB Richard Bowman 0-0: Called Strike
0-1: Ball
1-1: Ball
2-1: Ground out 6-3 (Groundball, 6M)
Batting: LHB Don Soper 0-0: Called Strike
0-1: Swinging Strike
0-2: Strikes out looking
Top of the 2nd over - 0 run(s), 0 hit(s), 0 error(s), 0 left on base; Mexico City 0 - Gresham 0
BOTTOM OF THE 2ND
Gresham Gold Souls batting - Pitching for Mexico City Cerveceros : RHP Josh Schmitt
Batting: LHB Ezechiele Bruno 0-0: Called Strike
0-1: Ball
1-1: Ball
2-1: Ball
3-1: Base on Balls
Batting: RHB Willie Houk 0-0: Swinging Strike
0-1: Ball
1-1: Fly out, F9 (Flyball, 9S)
Batting: RHB Brian Dixon 0-0: Called Strike
0-1: Foul Ball, location: 2F
0-2: Ball
1-2: SINGLE (Groundball, 34D)
Ezechiele Bruno to second
Runner from 2nd tries for 3rd, SAFE, throw made to third
Brian Dixon to second
Batting: RHB Gustavo Pagán 0-0: Called Strike
0-1: Ground out 5-3 (Groundball, 5S)
Batting: LHB Bill Smith 0-0: Reached on error, E3 (Groundball, 34S)
Ezechiele Bruno scores
Brian Dixon to third
Batting: RHB Pablo Castillo 0-0: Ball
1-0: Ball
2-0: Fly out, F7 (Flyball, 78D)
Bottom of the 2nd over - 1 run(s), 1 hit(s), 1 error(s), 2 left on base; Mexico City 0 - Gresham 1
TOP OF THE 3RD
Mexico City Cerveceros batting - Pitching for Gresham Gold Souls : LHP Francisco Nieto
Batting: RHB Luis Peña 0-0: Ball
1-0: Called Strike
1-1: Ball
2-1: Ground out 6-3 (Groundball, 6)
Batting: RHB Murai Ishihara 0-0: Ball
1-0: Ball
2-0: Foul Ball, location: 2F
2-1: Called Strike
2-2: Foul Ball, location: 2F
2-2: Strikes out swinging
Batting: RHB Dennis Stephenson 0-0: Ball
1-0: Ball
2-0: Ball
3-0: Called Strike
3-1: Base on Balls
Batting: RHB Dave Morgan 0-0: Foul Ball, location: 2F
0-1: Ball
1-1: Called Strike
1-2: Foul Ball, location: 2F
1-2: Ball
2-2: Strikes out swinging
Top of the 3rd over - 0 run(s), 0 hit(s), 0 error(s), 1 left on base; Mexico City 0 - Gresham 1
BOTTOM OF THE 3RD
Gresham Gold Souls batting - Pitching for Mexico City Cerveceros : RHP Josh Schmitt
Batting: RHB Peter Hensley 0-0: Ball
1-0: Fly out, F6 (Popup, 6D)
Batting: RHB Mario Méndez 0-0: Ball
1-0: Foul Ball, location: 2F
1-1: Called Strike
1-2: Foul Ball, location: 2F
1-2: Ground out 6-3 (Groundball, 56)
Batting: RHB Gabriel Miranda 0-0: Called Strike
0-1: Ball
1-1: Ball
2-1: SINGLE (Groundball, 6D)
Batting: LHB Ezechiele Bruno 0-0: TRIPLE (Flyball, 9LD)
Gabriel Miranda scores
Batting: RHB Willie Houk Error on foul ball, E2
0-1: Ball
1-1: Swinging Strike
1-2: Ball
2-2: Ground out 6-3 (Groundball, 56)
Bottom of the 3rd over - 1 run(s), 2 hit(s), 1 error(s), 1 left on base; Mexico City 0 - Gresham 2
TOP OF THE 4TH
Mexico City Cerveceros batting - Pitching for Gresham Gold Souls : LHP Francisco Nieto
Batting: RHB Robinson Pacheco 0-0: Ball
1-0: Ball
2-0: Called Strike
2-1: Foul Ball, location: 2F
2-2: Foul Ball, location: 2F
2-2: Foul Ball, location: 2F
2-2: Fly out, F8 (Flyball, 8LD)
Batting: LHB David Monahan 0-0: Ball
1-0: Called Strike
1-1: Called Strike
1-2: Ball
2-2: Ball
3-2: Fly out, F9 (Flyball, 89M)
Batting: LHB Gary Kern 0-0: Ball
1-0: Foul Ball, location: 2F
1-1: Foul Ball, location: 2F
1-2: Ball
2-2: Foul Ball, location: 2F
2-2: Fly out, F7 (Line Drive, 7LM)
Top of the 4th over - 0 run(s), 0 hit(s), 0 error(s), 0 left on base; Mexico City 0 - Gresham 2
BOTTOM OF THE 4TH
Gresham Gold Souls batting - Pitching for Mexico City Cerveceros : RHP Josh Schmitt
Batting: RHB Brian Dixon 0-0: Ball
1-0: Ball
2-0: Ball
3-0: Called Strike
3-1: Base on Balls
Batting: RHB Gustavo Pagán 0-0: Ball
1-0: Swinging Strike
1-1: Swinging Strike
1-2: Foul Ball, location: 2F
1-2: Grounds into double play, 6-4-3 (Groundball, 6)
Batting: LHB Bill Smith 0-0: Ground out 4-3 (Groundball, 34D)
Bottom of the 4th over - 0 run(s), 0 hit(s), 0 error(s), 0 left on base; Mexico City 0 - Gresham 2
TOP OF THE 5TH
Mexico City Cerveceros batting - Pitching for Gresham Gold Souls : LHP Francisco Nieto
Batting: SHB Richard Bowman 0-0: Foul Ball, location: 2F
0-1: Ball
1-1: Ground out 4-3 (Groundball, 4M)
Batting: LHB Don Soper 0-0: Swinging Strike
0-1: Swinging Strike
0-2: Strikes out swinging
Batting: RHB Luis Peña 0-0: Ball
1-0: SINGLE (Groundball, 13) (infield hit)
Batting: RHB Murai Ishihara 0-0: Ball
1-0: Fly out, F9 (Flyball, 9LSF)
Top of the 5th over - 0 run(s), 1 hit(s), 0 error(s), 1 left on base; Mexico City 0 - Gresham 2
BOTTOM OF THE 5TH
Gresham Gold Souls batting - Pitching for Mexico City Cerveceros : RHP Josh Schmitt
Batting: RHB Pablo Castillo 0-0: Called Strike
0-1: Ball
1-1: Called Strike
1-2: Foul Ball, location: 2F
1-2: DOUBLE (Flyball, 89XD)
Batting: RHB Peter Hensley 0-0: Called Strike
0-1: Swinging Strike
0-2: Fly out, F8 (Flyball, 8LM)
Runner from 2nd tags up, SAFE at 3rd with throw
Batting: RHB Mario Méndez 0-0: Called Strike
0-1: Fly out, F7 (Line Drive, 78M)
Runner from 3rd tags up, SCORES, throw made
Batting: RHB Gabriel Miranda 0-0: Ball
1-0: Ground out 6-3 (Groundball, 6)
Bottom of the 5th over - 1 run(s), 1 hit(s), 0 error(s), 0 left on base; Mexico City 0 - Gresham 3
TOP OF THE 6TH
Mexico City Cerveceros batting - Pitching for Gresham Gold Souls : LHP Francisco Nieto
Batting: RHB Dennis Stephenson 0-0: SINGLE (Flyball, 8LS)
Pitching: RHP Tim Cameron
Batting: RHB Dave Morgan 0-0: Foul Ball, location: 2F
0-1: Foul Ball, location: 2F
0-2: Ball
1-2: Strikes out swinging
Batting: RHB Robinson Pacheco 0-0: Called Strike
0-1: Called Strike
0-2: Foul Ball, location: 2F
0-2: Strikes out looking
Batting: LHB David Monahan 0-0: Called Strike
0-1: Called Strike
0-2: Foul Ball, location: 2F
0-2: Ball
1-2: Fielders Choice at 2nd, 4-6 (Groundball, 34)
Top of the 6th over - 0 run(s), 1 hit(s), 0 error(s), 0 left on base; Mexico City 0 - Gresham 3
BOTTOM OF THE 6TH
Gresham Gold Souls batting - Pitching for Mexico City Cerveceros : RHP Josh Schmitt
Batting: LHB Ezechiele Bruno 0-0: Ball
1-0: Ball
2-0: Ball
3-0: Base on Balls
Pitching: LHP Rubén Rico
Batting: RHB Willie Houk 0-0: Ball
1-0: Ball
2-0: Ball
3-0: Called Strike
3-1: Base on Balls
Ezechiele Bruno to second
Batting: RHB Brian Dixon 0-0: Called Strike
0-1: Ball
1-1: Ball
2-1: Foul Ball, location: 2F
2-2: Foul Ball, location: 2F
2-2: Strikes out swinging
Batting: RHB Gustavo Pagán 0-0: DOUBLE (Groundball, 5L)
Ezechiele Bruno scores
Willie Houk to third
Runner from 3rd tries for Home, SAFE, no throw
Batting: LHB Bill Smith 0-0: Ball
1-0: Ground out 6-3 (Groundball, 6)
Batting: RHB Pablo Castillo 0-0: Ball
1-0: Called Strike
1-1: Ball
2-1: Ground out 5-3 (Groundball, 56S)
Bottom of the 6th over - 2 run(s), 1 hit(s), 0 error(s), 1 left on base; Mexico City 0 - Gresham 5
TOP OF THE 7TH
Mexico City Cerveceros batting - Pitching for Gresham Gold Souls : RHP Tim Cameron
Batting: LHB Gary Kern 0-0: Ball
1-0: Fly out, F8 (Line Drive, 8RM)
Batting: SHB Richard Bowman 0-0: Called Strike
0-1: Ball
1-1: SINGLE (Line Drive, 5D)
Batting: LHB Don Soper 0-0: Ground out 4-3 (Groundball, 34)
Richard Bowman to second
Batting: RHB Luis Peña 0-0: SINGLE (Groundball, 6) (infield hit)
Richard Bowman to third
Batting: RHB Murai Ishihara 0-0: Ball
1-0: Ball
2-0: SINGLE (Line Drive, 4D)
Richard Bowman scores
Luis Peña to second
Runner from 2nd tries for 3rd, SAFE, no throw
Batting: RHB Dennis Stephenson 0-0: Called Strike
0-1: Fielders Choice at 2nd, 6-4 (Groundball, 6D)
Top of the 7th over - 1 run(s), 3 hit(s), 0 error(s), 1 left on base; Mexico City 1 - Gresham 5
BOTTOM OF THE 7TH
Gresham Gold Souls batting - Pitching for Mexico City Cerveceros : LHP Rubén Rico
Batting: RHB Peter Hensley 0-0: Called Strike
0-1: Ball
1-1: Swinging Strike
1-2: Ground out 4-3 (Groundball, 4M)
Batting: RHB Mario Méndez 0-0: Ball
1-0: Ground out 6-3 (Groundball, 6MS)
Batting: RHB Gabriel Miranda 0-0: Called Strike
0-1: Ball
1-1: SINGLE (Flyball, 7LM)
Batting: LHB Ezechiele Bruno 0-0: Ball
1-0: Called Strike
1-1: Called Strike
1-2: Strikes out swinging
Bottom of the 7th over - 0 run(s), 1 hit(s), 0 error(s), 1 left on base; Mexico City 1 - Gresham 5
TOP OF THE 8TH
Mexico City Cerveceros batting - Pitching for Gresham Gold Souls : RHP Tim Cameron
Batting: RHB Dave Morgan 0-0: Ball
1-0: Called Strike
1-1: Foul Ball, location: 2F
1-2: Ball
2-2: Foul Ball, location: 2F
2-2: Ground out 6-3 (Groundball, 6)
Batting: RHB Robinson Pacheco 0-0: Called Strike
0-1: Ball
1-1: Called Strike
1-2: Ball
2-2: SINGLE (Line Drive, 78M)
Batting: LHB David Monahan 0-0: Called Strike
0-1: Ball
1-1: Foul Ball, location: 2F
1-2: Strikes out swinging
Batting: LHB Gary Kern 0-0: Swinging Strike
0-1: Ball
1-1: Ball
2-1: Called Strike
2-2: Ball
3-2: Base on Balls
Robinson Pacheco to second
Batting: SHB Richard Bowman 0-0: Swinging Strike
0-1: SINGLE (Groundball, 34D)
Robinson Pacheco to third
Gary Kern to second
Runner from 3rd tries for Home, SAFE, throw made home
Gary Kern to third
Richard Bowman to second
Pitching: RHP Taylor Bowen
Batting: LHB Don Soper 0-0: Swinging Strike
0-1: Swinging Strike
0-2: Foul Ball, location: 2F
0-2: Ball
1-2: Strikes out swinging
Top of the 8th over - 1 run(s), 2 hit(s), 0 error(s), 2 left on base; Mexico City 2 - Gresham 5
BOTTOM OF THE 8TH
Gresham Gold Souls batting - Pitching for Mexico City Cerveceros : LHP Rubén Rico
Batting: RHB Willie Houk 0-0: Ball
1-0: Ball
2-0: Ball
3-0: Base on Balls
Batting: RHB Brian Dixon 0-0: Bunted foul
0-1: Bunted foul
0-2: Fly out, F8 (Flyball, 8RS)
Pitching: RHP Gil Dickson
Batting: RHB Gustavo Pagán 0-0: Ball
Willie Houk steals 2nd base
1-0: Ball
2-0: Ball
3-0: Called Strike
3-1: Called Strike
3-2: Strikes out looking
Batting: LHB Bill Smith 0-0: Foul Ball, location: 2F
0-1: Swinging Strike
0-2: Strikes out looking
Bottom of the 8th over - 0 run(s), 0 hit(s), 0 error(s), 1 left on base; Mexico City 2 - Gresham 5
TOP OF THE 9TH
Mexico City Cerveceros batting - Pitching for Gresham Gold Souls : RHP Taylor Bowen
Pitching: RHP Eusébio Lagarto
Batting: RHB Luis Peña 0-0: Swinging Strike
0-1: Ball
1-1: Foul Ball, location: 2F
1-2: Ball
2-2: Ball
3-2: Strikes out swinging, 2-3 out at first.
Batting: RHB Murai Ishihara 0-0: Reached on error, E5 (Groundball, 5L)
Batting: RHB Dennis Stephenson 0-0: Ball
1-0: Swinging Strike
1-1: Called Strike
1-2: Foul Ball, location: 2F
1-2: Ball
2-2: Strikes out swinging
Batting: RHB Dave Morgan 0-0: Called Strike
0-1: Hit by Pitch
Murai Ishihara to second
Batting: RHB Robinson Pacheco 0-0: Ball
1-0: Ball
2-0: Ball
3-0: Called Strike
3-1: Base on Balls
Murai Ishihara to third
Dave Morgan to second
Batting: LHB David Monahan 0-0: Called Strike
0-1: Fly out, F4 (Line Drive, 4)
Top of the 9th over - 0 run(s), 0 hit(s), 1 error(s), 3 left on base; Mexico City 2 - Gresham 5
Tuesday, August 8th, 2017 - OOTP Baseball 17.12 Build 75